 Dungeon Crawl Stone Soup version 0.30-a0-168-g0b976cbdc4 (webtiles) character file.

Game seed: 12673240633392999794

841 qw the Chopper (level 8, 0/49 HPs)
             Began as a Gargoyle Fighter on Sept 29, 2022.
             Slain by a gnoll
             ... wielding a +0 spear
             ... led by a gnoll bouda
              (4 damage)
             ... on level 6 of the Dungeon.
             The game lasted 00:01:45 (4282 turns).

qw the Chopper (Gargoyle Fighter)                   Turns: 4282, Time: 00:01:46

Health: 0/49       AC: 14    Str: 28    XL:     8   Next: 0%
Magic:  8/8        EV:  8    Int:  9    God:
Gold:   301        SH:  4    Dex:  9    Spells: 7/7 levels left

rFire   . . .      SeeInvis .    Y - +0 war axe
rCold   . . .      Faith    .    c - +0 buckler
rNeg    + . .      Spirit   .    e - +0 chain mail
rPois   inf        Reflect  .    (no helmet)
rElec   +          Harm     .    (no cloak)
rCorr   .          Rampage  .    (no gloves)
Will    .....                    (no boots)
Stlth   ..........               k - amulet of regeneration
HPRegen 0.96/turn                r - +6 ring of strength
MPRegen 0.11/turn                (no ring)

@: no status effects
A: sickness immunity, AC +5, negative energy resistance 1, electricity
resistance, torment resistance 1, petrification resistance
a: no special abilities


You were on level 6 of the Dungeon.
You visited 1 branch of the dungeon, and saw 6 of its levels.

You collected 301 gold pieces.


Innate Abilities, Weirdness & Mutations

You are immune to sickness and miasma.
Your stone body is resilient. (AC +5)
You are immune to poison.
You resist negative energy. (rN+)
You are resistant to electric shocks. (rElec)
You are resistant to unholy torment.
You are immune to petrification.


   Skills:
 - Level 5.1 Fighting
 + Level 7.1 Axes
 - Level 3.2 Armour
 - Level 1.7 Dodging
 - Level 3.2 Shields


You had 7 spell levels left.
You didn't know any spells.
Your spell library was empty.

Inventory:

Hand Weapons
 b - a +3 whip
 Y - a +0 war axe (weapon)
Armour
 c - a +0 buckler (worn)
 e - a +0 chain mail (worn)
Jewellery
 f - a ring of fire
 k - an amulet of regeneration (around neck)
 q - the amulet of Elemental Vulnerability {rPois rF-- rC-- AC+8}
   (You found it on level 5 of the Dungeon)

   [amulet of nothing]

   AC:        It affects your AC (+8).
   rF:        It makes you very vulnerable to fire.
   rC:        It makes you very vulnerable to cold.
   rPois:     It protects you from poison.
 r - a +6 ring of strength (left hand)
Scrolls
 j - 2 scrolls of enchant armour
 m - a scroll of identify
 p - 4 scrolls of teleportation
Potions
 a - a potion of lignification
 d - a potion of might
 g - 2 potions of heal wounds
 h - a potion of mutation
 l - a potion of haste
 n - a potion of cancellation
 o - a potion of attraction {unknown}
 u - a potion of brilliance {unknown}
 v - a potion of magic {unknown}

Dungeon Overview and Level Annotations

Branches:
Dungeon (6/15)
 Temple: D:4-7

Altars:
Ashenzari
Cheibriados
Hepliaklqana
Qazlal
Sif Muna
Trog
Vehumet

Shops:
D:3 :   D:5 (


Message History

The gnoll bouda is heavily wounded.
You hit the gnoll but do no damage.
The gnoll is no longer moving quickly.
The gnoll closely misses you.
The gnoll bouda calls upon its god to heal the gnoll.
The gnoll's wounds heal themselves!
The gnoll barely misses you. The gnoll closely misses you.
The gnoll barely misses you.
You barely miss the gnoll bouda.
The gnoll bouda is heavily wounded.
You hit the gnoll. You block the gnoll's attack.
The gnoll bouda barks out a call to the hunt!
The gnolls pick up the pace!
The gnoll barely misses you. The gnoll hits you but does no damage.
The gnoll misses you.
You closely miss the gnoll bouda.
The gnoll bouda is heavily wounded.
You hit the gnoll.
The gnoll is no longer moving quickly. x2
The gnoll hits you but does no damage.
The gnoll bouda hits you but does no damage.
The gnoll hits you from afar with a +0 spear.
The gnoll hits you but does no damage.
The gnoll hits you with a +0 flail of protection.
The gnoll hits you from afar with a +1 vampiric spear.
You block the gnoll bouda's attack.
The gnoll hits you but does no damage. x2
You closely miss the gnoll.
The gnoll is severely wounded.
You hit the gnoll bouda but do no damage.
The gnoll hits you with a +0 flail of protection.
You block the gnoll's attack. The gnoll hits you but does no damage.
The gnoll closely misses you.
You barely miss the gnoll.
The gnoll is severely wounded.
You hit the gnoll bouda.
The gnoll hits you with a +0 flail of protection!
The gnoll hits you from afar with a +1 vampiric spear.
The gnoll bouda hits you with a +0 whip.
The gnoll hits you but does no damage.
The gnoll hits you from afar with a +0 spear.
You die...

#.. #... #. #...## #
#....######### #.
##.....#....... #.
#.....o#....... ####.
#....gg#..... ..#.
..[..g.g..## .# #.#.
......g@[..# .. #.#.
.......#.#>......####...
.......#.#######.....(..
###..>.#....## #. #....
##......#..###. #....
##...#......##.###....
#....<..#.....(.......
#...............##....
.........#####...##....


You could see a gnoll bouda, 4 gnolls and an orc.

Vanquished Creatures
  A black bear (D:5)
  An ice beast (D:5)
  2 ogres
  2 bullfrogs
  3 hounds
  A jelly (D:6)
  2 iguanas (D:4)
  Natasha (thrice) (D:2)
  An orc wizard (D:3)
  A gnoll (D:6)
  2 worms (D:2)
  2 dart slugs
  7 orcs
  4 ball pythons
  6 endoplasms
  2 giant cockroaches
  8 goblins
  16 hobgoblins
  2 jackals (D:3)
  3 quokkas
  4 bats
  3 frilled lizards
  6 kobolds
  5 rats
87 creatures vanquished.

Notes
Turn   | Place    | Note
-------+----------+-------------------------------------------
     0 | D:1      | qw the Gargoyle Fighter began the quest for the Orb.
     0 | D:1      | Reached XP level 1. HP: 14/14 MP: 1/1
     0 | D:1      | 0 ||| qw: Version: 0.2-a-12-gaebbb33
     0 | D:1      | 0 ||| qw: Game counter: 1213
     0 | D:1      | 0 ||| qw: Always use a shield: true
     0 | D:1      | 0 ||| qw: God list: Okawaru
     0 | D:1      | 0 ||| qw: Allow faded altars: false
     0 | D:1      | 0 ||| qw: Do Orc after D:15 true
     0 | D:1      | 0 ||| qw: Do second Lair branch before Depths: true
     0 | D:1      | 0 ||| qw: Lair rune preference: random
     0 | D:1      | 0 ||| qw: Plans: Normal, Zot:1-4, God:TSO, Crypt, Tomb,
                  | Pan, Slime:5, Hells, Abyss, Orb
     0 | D:1      | 0 ||| PLANNING D:1-11
    32 | D:1      | Reached skill level 2 in Axes
   317 | D:1      | Reached XP level 2. HP: 19/19 MP: 2/2
   547 | D:1      | 547 ||| DROPPING +0 club.
   690 | D:1      | Reached skill level 3 in Axes
   726 | D:1      | Reached XP level 3. HP: 21/23 MP: 3/3
   829 | D:1      | 829 ||| UPGRADING to amulet of regeneration.
   834 | D:1      | 834 ||| READING scroll labelled MORYXARHAES.
   835 | D:1      | 835 ||| READING scroll labelled YPNISKESTIH.
  1113 | D:2      | Identified the +1 robe "Qiahaop" {Will+ Archmagi}
  1127 | D:2      | 1127 ||| Stepping ~*~*~tactically~*~*~ (stealth).
  1219 | D:2      | Noticed Natasha
  1236 | D:2      | Killed Natasha
  1237 | D:2      | Reached XP level 4. HP: 20/28 MP: 4/4
  1373 | D:2      | Noticed Natasha
  1374 | D:2      | 1374 ||| Stepping ~*~*~tactically~*~*~ (hiding).
  1382 | D:2      | HP: 7/28 [Natasha (3)]
  1384 | D:2      | Killed Natasha
  1385 | D:2      | Reached skill level 4 in Axes
  1615 | D:2      | 1615 ||| READING scroll labelled QINOVONKOOLL.
  1618 | D:2      | Noticed Natasha
  1625 | D:2      | HP: 5/28 [Natasha (3)]
  1626 | D:2      | Killed Natasha
  1627 | D:2      | Reached XP level 5. HP: 8/32 MP: 5/5
  1649 | D:2      | 1649 ||| READING scroll labelled YFIUNN LUV FAN.
  1650 | D:2      | 1650 ||| DRINKING 2 fuming emerald potions.
  1651 | D:2      | 1651 ||| DRINKING 2 glowing puce potions.
  1652 | D:2      | 1652 ||| DROPPING potion of invisibility.
  1659 | D:3      | 1659 ||| Stepping ~*~*~tactically~*~*~ (stealth).
  1661 | D:3      | 1661 ||| Stepping ~*~*~tactically~*~*~ (stealth).
  1663 | D:3      | 1663 ||| Stepping ~*~*~tactically~*~*~ (stealth).
  1665 | D:3      | 1665 ||| Stepping ~*~*~tactically~*~*~ (stealth).
  1668 | D:3      | 1668 ||| Stepping ~*~*~tactically~*~*~ (stealth).
  1669 | D:3      | 1669 ||| Stepping ~*~*~tactically~*~*~ (stealth).
  1673 | D:3      | 1673 ||| Stepping ~*~*~tactically~*~*~ (stealth).
  1675 | D:3      | 1675 ||| Stepping ~*~*~tactically~*~*~ (stealth).
  1676 | D:3      | 1676 ||| Stepping ~*~*~tactically~*~*~ (stealth).
  1677 | D:3      | 1677 ||| Stepping ~*~*~tactically~*~*~ (stealth).
  1678 | D:3      | 1678 ||| Stepping ~*~*~tactically~*~*~ (stealth).
  1679 | D:3      | 1679 ||| Stepping ~*~*~tactically~*~*~ (stealth).
  1680 | D:3      | 1680 ||| Stepping ~*~*~tactically~*~*~ (stealth).
  1689 | D:3      | 1689 ||| Stepping ~*~*~tactically~*~*~ (stealth).
  1690 | D:3      | 1690 ||| Stepping ~*~*~tactically~*~*~ (stealth).
  1692 | D:3      | 1692 ||| Stepping ~*~*~tactically~*~*~ (stealth).
  1694 | D:3      | 1694 ||| Stepping ~*~*~tactically~*~*~ (stealth).
  1895 | D:3      | Found a hazy altar of Hepliaklqana.
  1944 | D:3      | 1944 ||| Stepping ~*~*~tactically~*~*~ (stealth).
  2108 | D:3      | Found Fumuniku's Book Shoppe.
  2228 | D:3      | Reached skill level 5 in Axes
  2399 | D:3      | 2399 ||| DROPPING amulet of guardian spirit.
  2400 | D:3      | 2400 ||| READING 2 scrolls labelled ENOARI EPIOWK.
  2401 | D:3      | 2401 ||| READING scroll labelled BUG MEUKKUFFIA.
  2402 | D:3      | 2402 ||| DRINKING 2 ruby potions.
  2445 | D:3      | 2445 ||| READING 3 scrolls of identify.
  2445 | D:3      | 2445 ||| IDENTIFYING white potion
  2446 | D:3      | 2446 ||| READING 2 scrolls of identify.
  2446 | D:3      | 2446 ||| IDENTIFYING amethyst potion
  2447 | D:3      | 2447 ||| DROPPING potion of flight.
  2909 | D:4      | Identified the +3 quarterstaff "Upier" {vorpal, +Blink rF+}
  3016 | D:4      | Found a shimmering blue altar of Sif Muna.
  3117 | D:4      | Reached XP level 6. HP: 37/39 MP: 6/6
  3161 | D:4      | Reached skill level 1 in Dodging
  3203 | D:4      | Found a bloodstained altar of Trog.
  3343 | D:4      | 3343 ||| READING scroll labelled TERAAN TENNOI.
  3344 | D:4      | 3344 ||| READING scroll labelled OPPUDI ZUSA.
  3345 | D:4      | 3345 ||| READING scroll labelled NET FAINOMOCA.
  3346 | D:4      | 3346 ||| DRINKING 2 sedimented clear potions.
  3451 | D:4      | 3451 ||| READING 3 scrolls of identify.
  3451 | D:4      | 3451 ||| IDENTIFYING clear potion
  3452 | D:4      | 3452 ||| READING 2 scrolls of identify.
  3452 | D:4      | 3452 ||| IDENTIFYING orange potion
  3453 | D:4      | 3453 ||| DROPPING potion of berserk rage.
  3454 | D:4      | 3454 ||| DROPPING potion of ambrosia.
  3464 | D:5      | Entered Level 5 of the Dungeon
  3537 | D:5      | Found Naikamip's Antique Weapon Shop.
  3540 | D:5      | 3540 ||| SHOPLISTING smoking morningstar (207 gold, have
                  | 182).
  3550 | D:5      | Noticed an ice beast
  3560 | D:5      | Killed an ice beast
  3561 | D:5      | Reached XP level 7. HP: 44/44 MP: 7/7
  3616 | D:5      | Found the amulet of Elemental Vulnerability {rPois rF--
                  | rC-- AC+8}
  3643 | D:5      | Found a broken altar of Ashenzari.
  3724 | D:5      | Found a stormy altar of Qazlal.
  3735 | D:5      | Noticed an air elemental
  3735 | D:5      | Noticed a fire elemental
  3735 | D:5      | Noticed a water elemental
  3750 | D:5      | Reached skill level 6 in Axes
  4037 | D:5      | 4037 ||| UPGRADING to +0 chain mail.
  4047 | D:5      | 4047 ||| DROPPING +0 scale mail.
  4048 | D:5      | 4048 ||| UPGRADING to +6 ring of strength.
  4049 | D:5      | 4049 ||| READING 4 scrolls labelled ILEVIDD CYLI.
  4050 | D:5      | 4050 ||| READING scroll labelled ZYEWON BOCVEGH.
  4051 | D:5      | 4051 ||| READING 2 scrolls of identify.
  4051 | D:5      | 4051 ||| IDENTIFYING green potion
  4052 | D:5      | 4052 ||| DROPPING 3 scrolls of fear.
  4063 | D:6      | 4063 ||| PLANNING OSSUARY
  4116 | D:6      | Reached skill level 7 in Axes
  4116 | D:6      | Found a radiant altar of Vehumet.
  4231 | D:6      | Found a snail-covered altar of Cheibriados.
  4232 | D:6      | 4232 ||| DROPPING +0 whip.
  4271 | D:6      | Reached XP level 8. HP: 49/49 MP: 8/8
  4282 | D:6      | HP: 10/49 [gnoll/+1 vampiric spear[a gnoll bouda] (6)]
  4282 | D:6      | HP: 4/49 [gnoll bouda/+0 whip (6)]
  4282 | D:6      | Slain by a gnoll

Levels and vault maps discovered:
D:1:      eino_arrival_water_star, layout_basic, minivault_27,
          minmay_statues_item
D:2:      layout_loops_cross, amcnicky_mini_rare_corridor_liquid,
          grunt_decor_arrowhead, amcnicky_mini_pool_small, uniq_natasha
D:3:      layout_loops_cross, mainiacjoe_overflow_brackets, serial_shops, shop,
          kennysheep_decorative_pillar, eino_tiny_chamber
D:4:      layout_basic, trog_hazing_becter, nicolae_sif_muna_little_library
D:5:      layout_basic, nicolae_qazlal_style_of_elements,
          evilmike_ruin_ashenzari, serial_rivers,
          chequers_serial_rivers_small_b, chequers_serial_rivers_room_a,
          chequers_serial_rivers_small_b, chequers_serial_rivers_micro_e,
          chequers_serial_rivers_large_a, chequers_serial_rivers_micro_e,
          serial_shops, kennysheep_mini
D:6:      layout_rooms, mainiacjoe_overflow_tiny_flanked,
          mainiacjoe_overflow_alcove_2, serial_curves, eino_curves_01,
          eino_curves_02, eino_curves_04, enter_ossuary_2, minivault_22,
          uniq_pikel

Skill      XL: |  1  2  3  4  5  6  7 |
---------------+----------------------+-----
Axes           | 2 3 4 5 7 |  7.1
Fighting       | 4 5 |  5.1
Dodging        | 1 |  1.7
Armour         | |  3.2
Shields        | |  3.2

Action                   |  1- 3 |  4- 6 |  7- 9 || total
-------------------------+-------+-------+-------++-------
Melee: War axe           |    97 |   167 |    60 ||   324
  Use: Scroll            |     2 |    11 |     3 ||    16
       Potion            |       |     4 |       ||     4
Armor: Scale mail        |    42 |    93 |    20 ||   155
       Chain mail        |       |       |    41 ||    41
Dodge: Dodged            |    40 |    86 |    47 ||   173
Block: Buckler           |    11 |    15 |    23 ||    49

Table legend:
 A = Non-vault XP
 B = Vault XP
 C = Vault XP percentage of total XP
 D = Non-vault monster count
 E = Vault monster count
 F = Vault count percentage of total count
                 A         B        C        D         E       F
            +---------+---------+-------+---------+---------+-------
      Total |    1156 |      46 |   3.8 |      80 |       7 |   8.0
            +---------+---------+-------+---------+---------+-------
        D:1 |      34 |       0 |   0.0 |      18 |       0 |   0.0
        D:2 |     100 |      35 |  25.9 |      14 |       1 |   6.7
        D:3 |      67 |       0 |   0.0 |      21 |       0 |   0.0
        D:4 |     252 |      11 |   4.2 |      13 |       6 |  31.6
        D:5 |     504 |       0 |   0.0 |       6 |       0 |   0.0
        D:6 |     199 |       0 |   0.0 |       8 |       0 |   0.0
            +---------+---------+-------+---------+---------+-------
